 Dungeon Crawl Stone Soup version 0.28-a0-1560-g060a6a1bfc (webtiles) character file.

Game seed: 17926452204389040781

443 BritishOli the Ducker (level 6, 0/75 HPs)
             Began as a Demonspawn Gladiator on Jan 19, 2022.
             Slain by a gnoll (5 damage)
             ... on level 6 of the Dungeon.
             The game lasted 00:03:05 (3350 turns).

BritishOli the Ducker (Demonspawn Gladiator)        Turns: 3350, Time: 00:03:06

Health: 0/75       AC: 27    Str: 17    XL:     6   Next: 71%
Magic:  6/6        EV:  2    Int:  9    God:
Gold:   182        SH:  0    Dex: 14    Spells: 5/5 levels left

rFire   . . .      SeeInvis .   a - +0 long sword
rCold   . . .      Faith    .   (no shield)
rNeg    . . .      Spirit   .   (armour currently unavailable)
rPois   +          Reflect  .   (helmet currently unavailable)
rElec   .          Harm     .   (cloak currently unavailable)
rCorr   .          Rampage  .   (gloves currently unavailable)
Will    .....      NoTele   +   (boots currently unavailable)
Stlth   +.........              (no amulet)
HPRegen 0.22/turn               g - +4 ring of protection
MPRegen 0.10/turn               (no ring)

@: tree-form
A: stationary, stasis, torment immunity, boosted hp, (claws 1), rugged brown
scales 2
a: no special abilities


You were on level 6 of the Dungeon.
You were a tree.
You visited 1 branch of the dungeon, and saw 6 of its levels.

You collected 182 gold pieces.

Inventory:

Hand Weapons
 a - a +0 long sword (weapon)
Missiles
 d - 5 throwing nets (quivered)
Armour
 b - a +0 leather armour (melded)
 c - a +0 helmet (melded)
Jewellery
 g - a +4 ring of protection (left branch)
Scrolls
 e - 6 scrolls of identify {unknown}
 f - 2 scrolls of vulnerability {unknown}
 j - 2 scrolls of fear {unknown}
 m - a scroll of silence {unknown}
 n - a scroll of noise {unknown}
Potions
 h - a potion of curing
 i - a potion of degeneration {unknown}
 k - a potion of invisibility {unknown}
 l - a potion of ambrosia {unknown}
 o - a potion of lignification


   Skills:
 + Level 3.9 Fighting
 + Level 4.1 Long Blades
 - Level 2.0 Throwing
 + Level 2.7 Armour
 + Level 4.1 Dodging


You had 5 spell levels left.
You didn't know any spells.
Your spell library contained the following spells:

 Spells                   Type           Power      Damage    Failure   Level
 Apportation              Tloc           0%         N/A       38%         1
 Sting                    Tmut/Pois      0%         1d3       38%         1
 Poisonous Vapours        Pois/Air       0%         N/A       52%         2
 Ozocubu's Armour         Ice            0%         N/A       77%         3
 Olgreb's Toxic Radiance  Pois           0%         N/A       99%         4
 Alistair's Intoxication  Tmut/Pois      0%         N/A       100%        5
 Metabolic Englaciation   Hex/Ice        0%         N/A       100%        5
 Simulacrum               Ice/Necr       0%         N/A       100%        6


Dungeon Overview and Level Annotations

Branches:
Dungeon (6/15)
 Temple: D:4-7

Altars:
Okawaru

Annotations:
D:5 2 runed translucent doors, fly's ghost, weakling FoDe


Innate Abilities, Weirdness & Mutations

You are a tree.
Your roots penetrate the ground, keeping you stationary.
You cannot be teleported.
You are immune to unholy pain and torment.
Your maximum health is greatly increased.
Your equipment is partially melded.
((You have sharp fingernails.))
(You are mostly covered in rugged brown scales. (AC +2, +5% HP))


Message History

* * * LOW HITPOINT WARNING * * *
The gnoll completely misses you. The yak gores you but does no damage.
It was a potion of lignification.
You turn into a tree.
Your +0 helmet melds into your body.
Your +0 leather armour melds into your body.
Your roots penetrate the ground.
The yak gores you but does no damage.
You slash the yak!
You kill the yak!
An iguana comes into view.
The gnoll hits you but does no damage. x2
Your Long Blades skill increases to level 4!
Your Dodging skill increases to level 4!
The iguana hisses angrily.
You hit the gnoll.
The gnoll is moderately wounded.
The gnoll hits you but does no damage. The gnoll barely misses you.
You closely miss the gnoll.
The gnoll is moderately wounded.
The gnoll hits you but does no damage.
You slash the gnoll!
The gnoll is severely wounded.
The gnoll hits you with a +0 whip.
* * * LOW HITPOINT WARNING * * *
The gnoll hits you but does no damage.
The gnoll shaman calls upon its god to speed up the gnoll.
The gnoll seems to speed up.
A necrophage comes into view.
The gnoll hits you but does no damage.
You slash the gnoll!
You kill the gnoll!
The gnoll hits you but does no damage. x4
You closely miss the gnoll shaman. The gnoll hits you but does no damage.
The gnoll shaman invokes the aid of its god against you.
You resist with some effort.
The gnoll hits you but does no damage. x3
The gnoll shaman hits you but does no damage.
The gnoll hits you but does no damage.
You hit the gnoll shaman but do no damage.
The gnoll hits you but does no damage. x3; The gnoll hits you with a +0 whip.
You die...

### #..
#.# # #
#.#.#
#.##g#.###
#..♣gg...#
#.##g#.#.#
#
#lg.....#
#.......+
#n....#.#
#.#...#
#.##..#
#.# ..#
... .(.


You could see a necrophage, a gnoll shaman, an iguana and 4 gnolls.

Vanquished Creatures
  A yak (D:6)
  A necrophage (D:5)
  A scorpion (D:5)
  A hound (D:5)
  A hound skeleton (D:4)
  A howler monkey zombie (D:5)
  A gnoll (D:6)
  3 adders (D:3)
  A worm (D:2)
  A dart slug (D:3)
  7 orcs (D:3)
  5 ball pythons
  5 bats
  6 endoplasms
  4 goblins
  2 hobgoblins
  4 jackals (D:3)
  2 quokkas
  4 frilled lizards
  5 kobolds
  6 rats
62 creatures vanquished.

Vanquished Creatures (others)
  5 plants (D:3)
5 creatures vanquished.

Grand Total: 67 creatures vanquished

Notes
Turn   | Place    | Note
-------+----------+-------------------------------------------
     0 | D:1      | BritishOli the Demonspawn Gladiator began the quest for the
                  | Orb.
     0 | D:1      | Reached XP level 1. HP: 16/16 MP: 1/1
   371 | D:1      | Gained mutation: You have sharp fingernails. [demonic
                  | ancestry]
   371 | D:1      | Reached XP level 2. HP: 22/22 MP: 2/2
  1437 | D:2      | Found a faded altar of an unknown god.
  1487 | D:2      | Reached XP level 3. HP: 28/28 MP: 3/3
  2018 | D:3      | Reached skill level 1 in Armour
  2154 | D:3      | Gained mutation: You are partially covered in rugged brown
                  | scales. (AC +1, +3% HP) [demonic ancestry]
  2154 | D:3      | Reached XP level 4. HP: 15/35 MP: 4/4
  2825 | D:4      | Paralysed by a gnoll for 2 turns
  2836 | D:4      | Paralysed by a gnoll for 7 turns
  2845 | D:5      | Entered Level 5 of the Dungeon
  2946 | D:5      | Found a large runed translucent door.
  2947 | D:5      | Found a large runed translucent door.
  2964 | D:5      | Noticed fly's ghost (weakling FoDe)
  3011 | D:5      | Gained mutation: You are mostly covered in rugged brown
                  | scales. (AC +2, +5% HP) [demonic ancestry]
  3011 | D:5      | Reached XP level 5. HP: 23/43 MP: 5/5
  3233 | D:5      | Found an iron altar of Okawaru.
  3268 | D:5      | Noticed a necrophage
  3284 | D:5      | Killed a necrophage
  3285 | D:5      | Reached XP level 6. HP: 45/49 MP: 6/6
  3313 | D:5      | Noticed a yak
  3314 | D:5      | Noticed a yak
  3315 | D:5      | Noticed a yak
  3315 | D:5      | Noticed a yak
  3315 | D:5      | Noticed a yak
  3316 | D:5      | Noticed a yak
  3341 | D:6      | HP: 2/49 [yak (8)]
  3344 | D:6      | Killed a yak
  3350 | D:6      | Slain by a gnoll

Illustrated notes

Levels and vault maps discovered:
D:1:      doesnt_arrival_eight_statues, layout_basic
D:2:      layout_basic, ebering_ecumenical_altar_mist, st_stairs_8
D:3:      layout_basic, serial_bayou, serial_bayou_pond_e, serial_bayou_shore_a,
          serial_bayou_pond_e, serial_bayou_crossing
D:4:      nicolae_cairo_tiling_large_dashed, layout_basic,
          mainiacjoe_overflow_concentric_impassable,
          minmay_temple_entry_offerings, hex_medium
D:5:      layout_loops_cross, mainiacjoe_overflow_catwalk,
          ebering_ghost_disaster_area
D:6:      layout_loops_corners, minmay_overflow_temple_hex,
          portal_sewer_entry_e, minmay_misc_feat_nine_boxes

Skill      XL: |  1  2  3  4  5  6 |
---------------+-------------------+-----
Throwing       | 2 |  2.0
Long Blades    | 3 4 |  4.1
Dodging        | 3 4 |  4.1
Armour         | 1 2 |  2.7
Fighting       | 3 |  3.9

Action                   |  1- 3 |  4- 6 || total
-------------------------+-------+-------++-------
Melee: Long sword        |   110 |    94 ||   204
       Punch             |       |     1 ||     1
  Use: Potion            |       |     2 ||     2
Armor: Leather armour    |    60 |    41 ||   101
       Skin              |       |    20 ||    20
Dodge: Dodged            |    88 |    55 ||   143

Table legend: (Time is in decaauts)
 A = Elapsed time spent in this place.
 B = Non-inter-level travel time spent in this place.
 C = Inter-level travel time spent in this place.
 D = Time resting spent in this place.
 E = Time spent auto-exploring this place.
 F = Levels seen in this place.
 G = Mean time per level.
                   A        B        C        D        E       F      G
               +--------+--------+--------+--------+--------+-----+--------+
         Total |   3423 |   3339 |     84 |      0 |   2807 |   6 |  570.5 |
       Dungeon |   3423 |   3339 |     84 |      0 |   2807 |   6 |  570.5 |
               +--------+--------+--------+--------+--------+-----+--------+

Top non-repeatable levels by time:
     D:1: 1237 daAuts
     D:3: 877 daAuts
     D:2: 658 daAuts
     D:5: 505 daAuts
     D:4: 132 daAuts
     D:6: 11 daAuts
